 Dungeon Crawl Stone Soup version 0.18-b1-22-ge198996 (webtiles) character file.

29 Chiseanne the Magician (level 3, 24/24 HPs)
             Began as a Demonspawn Wizard on May 4, 2016.
             Quit the game on level 2 of the Dungeon.
             The game lasted 00:03:32 (1571 turns).

Chiseanne the Magician (Demonspawn Wizard)          Turns: 1571, Time: 00:03:33

Health: 24/24      AC:  4    Str:  7    XL:     3   Next: 1%
Magic:  0/8        EV: 12    Int: 20    God:
Gold:   40         SH:  0    Dex: 11    Spells: 3 memorised, 4 levels left

rFire  . . .     SeeInvis .     h - +1 dagger (venom)
rCold  . . .     Gourm    .     a - +0 robe
rNeg   . . .     Faith    .     (no shield)
rPois  .         Spirit   .     b - +0 hat
rElec  .         Dismiss  .     (no cloak)
rCorr  .         Reflect  .     (no gloves)
SustAt .         Harm     .     m - +0 pair of boots
MR     .....                    (no amulet)
Stlth  ++........               (no ring)
                                (no ring)

@: repel missiles, not resistant to hostile enchantments, unstealthy
A: antennae 1, molten scales 1
a: no special abilities


You were on level 2 of the Dungeon.
You were near starving.

You visited 1 branch of the dungeon, and saw 2 of its levels.

You collected 40 gold pieces.

Inventory:

Hand Weapons
 h - a +1 dagger of venom (weapon)
Missiles
 e - 52 stones (quivered)
 j - 11 bolts
Armour
 a - a +0 robe (worn)
 b - a +0 hat (worn)
 m - a +0 pair of boots (worn)
Potions
 f - 2 potions of cure mutation
 l - 2 potions of cancellation {unknown}
 o - 2 potions of might
 q - 2 potions of curing
Books
 c - a book of Minor Magic

   Spells                             Type                      Level
   a - Magic Dart                     Conjuration                  1
   b - Blink                          Translocation                2
   c - Call Imp                       Summoning                    2
   d - Repel Missiles                 Charms/Air                   2
   e - Slow                           Hexes                        2
   f - Conjure Flame                  Conjuration/Fire             3
   g - Mephitic Cloud                 Conjuration/Poison/Air       3
Miscellaneous
 g - a plain deck of defence
Comestibles
 d - a bread ration
 i - 2 meat rations
 k - a beef jerky


   Skills:
 - Level 1.7 Dodging
 - Level 1.7 Stealth
 * Level 3.5 Spellcasting
 * Level 2.2 Conjurations
   Level 1.0 Summonings
 - Level 0.8 Translocations


You had 4 spell levels left.
You knew the following spells:

 Your Spells              Type           Power        Failure   Level  Hunger
a - Magic Dart            Conj           ##..         6%          1    None
b - Blink                 Tloc           N/A          17%         2    ##.....
c - Repel Missiles        Chrm/Air       #.....       24%         2    ##.....


Dungeon Overview and Level Annotations

Branches:
Dungeon (2/15)

Altars:
Nemelex Xobeh


Innate Abilities, Weirdness & Mutations

You have a pair of small antennae on your head.
You are partially covered in molten scales (AC +1).


Message History

Aim: a worm (heavily wounded)
The magic dart hits the worm.
The worm is heavily wounded.
Casting: Magic Dart
Confirm with . or Enter, or press ? or * to list all spells.
Aiming: Magic Dart
Press: ? - help, Shift-Dir - straight line, f/p - worm
Aim: a worm (heavily wounded)
The magic dart hits the worm.
The worm is severely wounded.
The worm barely misses you.
You hit the worm.
The worm is poisoned.
The worm is almost dead.
You kill the worm!
You have reached level 3!
Your experience leads to an increase in your attributes!
Increase (S)trength, (I)ntelligence, or (D)exterity?
You feel clever.
Your demonic ancestry asserts itself...
A pair of antennae grows on your head!
Are you sure you want to abandon this character and quit the game? (Confirm with "yes".)

#.[......# .
#........###..
####..>..........
#................
#..[........###..
#..w........#
#....#.#'#### ####
#.#.# #@#.#######
####^#........
#......######.
#.....<+
#......########.#.
#.................
######...#########
#.._# #...#


There were no monsters in sight!

Vanquished Creatures
  A worm (D:2)
  3 giant geckos (D:1)
  5 bats (D:1)
  2 giant cockroaches (D:1)
  A goblin (D:1)
  A hobgoblin (D:1)
  4 kobolds (D:1)
  6 rats
23 creatures vanquished.

Notes
Turn   | Place    | Note
--------------------------------------------------------------
     0 | D:1      | Chiseanne the Demonspawn Wizard began the quest for the Orb.
     0 | D:1      | Reached XP level 1. HP: 13/13 MP: 4/4
   253 | D:1      | Gained mutation: You are partially covered in molten scales (AC +1). [demonic ancestry]
   253 | D:1      | Reached XP level 2. HP: 19/19 MP: 3/6
   758 | D:1      | Learned a level 2 spell: Blink
   761 | D:1      | Learned a level 2 spell: Repel Missiles
  1529 | D:2      | Found a sparkling altar of Nemelex Xobeh.
  1570 | D:2      | Gained mutation: You have a pair of small antennae on your head. [demonic ancestry]
  1570 | D:2      | Reached XP level 3. HP: 24/24 MP: 0/8
  1571 | D:2      | Quit the game

Skill      XL: |  1  2 |
---------------+-------+-----
Conjurations   | 2 |  2.2
Dodging        | |  1.7
Stealth        | |  1.7
Spellcasting   | |  3.5
Summonings     | |  1.0
Translocations | |  0.8

Action                   || total
-------------------------++-------
Melee: Unarmed           ||     9
       Dagger            ||     8
 Cast: Magic Dart        ||    53
       Repel Missiles    ||     1
  Use: Scroll            ||     8
 Stab: Sleeping          ||     1
Armor: Robe              ||     4
Dodge: Dodged            ||    14
